 Dungeon Crawl Stone Soup version 0.22.0-49-gab54619 (webtiles) character file.

30 inc the Skirmisher (level 3, 41/41 HPs)
             Began as an Ogre Monk on Sept 5, 2018.
             Quit the game on level 2 of the Dungeon.
             The game lasted 00:01:10 (1101 turns).

inc the Skirmisher (Ogre Monk)                      Turns: 1101, Time: 00:01:12

Health: 41/41      AC:  3    Str: 15    XL:     3   Next: 18%
Magic:  3/3        EV: 10    Int: 12    God:
Gold:   66         SH:  0    Dex: 11    Spells: 2/2 levels left

rFire    . . .     SeeInvis .   a - +0 mace
rCold    . . .     Gourm    .   (no shield)
rNeg     . . .     Faith    .   b - +0 robe
rPois    .         Spirit   .   (helmet restricted)
rElec    .         Reflect  .   (no cloak)
rCorr    .         Harm     .   (gloves unavailable)
MR       .....                  (boots unavailable)
Stlth    ++........             (no amulet)
HPRegen  0.13/turn              (no ring)
MPRegen  0.08/turn              (no ring)

@: no status effects
A: large, unfitting armour, tough skin 1
a: no special abilities


You were on level 2 of the Dungeon.
You were hungry.

You visited 1 branch of the dungeon, and saw 2 of its levels.

You collected 66 gold pieces.

Inventory:

Hand Weapons
 a - a +0 mace (weapon)
Armour
 b - a +0 robe (worn)
Jewellery
 d - an uncursed ring of ice
Scrolls
 e - a scroll of random uselessness {unknown}
 f - a scroll of amnesia {unknown}
 g - a scroll of teleportation {unknown}
 h - a scroll of identify {unknown}
Comestibles
 c - 4 rations


   Skills:
 + Level 4.9 Fighting
 + Level 3.3 Maces & Flails
 - Level 2.6 Dodging
 - Level 1.4 Stealth


You had 2 spell levels left.
You didn't know any spells.
Your spell library was empty.

Dungeon Overview and Level Annotations

Branches:
Dungeon (2/15)

Altars:
Ashenzari
Xom


Innate Abilities, Weirdness & Mutations

You are too large for most types of armour.
You have tough skin. (AC +1)


Message History

Found a stone staircase leading down.
Found a stone staircase leading up.
You now have 66 gold pieces (gained 11).
You open the door.
There is an open door here.
You open the door.
There is an open door here.
There is an open door here.
There is an open door here.
You are feeling hungry.
There is an open door here.
There is an open door here.
The merfolk siren shouts!
The merfolk shouts!
The merfolk shouts!
The anaconda hisses angrily.
The naga shouts!
The black mamba hisses angrily.
You hear an angry hiss.
You hear a shout!
The black mamba hisses angrily. x2
There is an open door here.
There is an open door here.
Done exploring.
Are you sure you want to abandon this character and quit the game? (Confirm

##.....##
#..##...S....#..#
##...##
#################
##'## #.# #.##..#
#.# #.# #.....# #
#.# #.# ####.##
#####.#### #.# #.#
.........# #.# #.#
.#....^..# #.#
#.####
.#....)#.#######@#
#.....
.#...............#
######
......##.#########
.........#
##..#.##.#
##.......#
...##.####
###########
#####.#
#.........# # #.#
#.#######.# ######


There were no monsters in sight!

Vanquished Creatures
  A dart slug (D:2)
  A leopard gecko (D:2)
  2 giant cockroaches
  6 hobgoblins
  3 jackals (D:1)
  3 bats
  2 frilled lizards
  2 goblins
  4 kobolds
24 creatures vanquished.

Notes
Turn   | Place    | Note
-------+----------+-------------------------------------------
     0 | D:1      | inc the Ogre Monk began the quest for the Orb.
     0 | D:1      | Reached XP level 1. HP: 24/24 MP: 1/1
    20 | D:1      | Found a shimmering altar of Xom.
    30 | D:1      | Reached XP level 2. HP: 18/33 MP: 2/2
   543 | D:2      | Found a faded altar of an unknown god.
   571 | D:2      | Reached XP level 3. HP: 37/41 MP: 3/3
   855 | D:2      | Found a shattered altar of Ashenzari.
   859 | D:2      | Saw a vision of the Shoals and the Snake Pit.
   859 | D:2      | Noticed a merfolk siren
   859 | D:2      | Noticed a merfolk
   859 | D:2      | Noticed a merfolk
   859 | D:2      | Noticed a naga mage
   859 | D:2      | Noticed a black mamba
   859 | D:2      | Noticed a salamander
   859 | D:2      | Noticed a black mamba
   859 | D:2      | Noticed an anaconda
   859 | D:2      | Noticed a naga
   859 | D:2      | Noticed a black mamba
   860 | D:2      | Noticed a merfolk
   861 | D:2      | Noticed a shock serpent
  1101 | D:2      | Quit the game

Skill      XL: |  1  2 |
---------------+-------+-----
Maces & Flails | 3 |  3.3
Fighting       | |  4.9
Dodging        | |  2.6
Stealth        | |  1.4

Action                   || total
-------------------------++-------
Melee: Mace              ||    77
 Stab: Sleeping          ||     2
Armor: Robe              ||    21
Dodge: Dodged            ||    64
